 Dungeon Crawl Stone Soup version 0.27-a0-1140-g099f9bb0e8 (webtiles) character file.

Game seed: 6232061874934079498

59 splack the Cudgeller (level 4, -2/38 HPs)
             Began as a Hill Orc Gladiator on May 9, 2021.
             Slain by a goblin
             ... wielding a +0 dagger
              (3 damage)
             ... while paralysed by Ijyb
             ... on level 3 of the Dungeon.
             The game lasted 00:11:25 (1450 turns).

splack the Cudgeller (Hill Orc Gladiator)           Turns: 1450, Time: 00:11:25

Health: -2/38      AC:  4    Str: 15 (17) XL:     4   Next: 3%
Magic:  4/4        EV:  2    Int:  7 (8)  God:
Gold:   25         SH:  0    Dex: 10 (12) Spells: 3/3 levels left

rFire    . . .     SeeInvis .   a - +0 flail
rCold    . . .     Faith    .   (no shield)
rNeg     . . .     Spirit   .   b - +0 leather armour
rPois    .         Reflect  .   c - +0 helmet
rElec    .         Harm     .   (no cloak)
rCorr    .         Rampage  .   (no gloves)
Will     .....                  (no boots)
Stlth    +.........             (no amulet)
HPRegen  0.12/turn              (no ring)
MPRegen  0.09/turn              (no ring)

@: paralysed
A: no striking features
a: no special abilities


You were on level 3 of the Dungeon.
You visited 1 branch of the dungeon, and saw 3 of its levels.

You collected 25 gold pieces.

Inventory:

Hand Weapons
 a - a +0 flail (weapon)
Missiles
 d - a throwing net
 e - 11 poisoned darts
 f - 6 silver javelins (quivered)
Armour
 b - a +0 leather armour (worn)
 c - a +0 helmet (worn)
Scrolls
 g - a scroll of identify


   Skills:
 + Level 3.1 Fighting
 + Level 4.1 Maces & Flails
 + Level 1.9 Throwing
 + Level 0.5 Armour
 + Level 3.0 Dodging


You had 3 spell levels left.
You didn't know any spells.
Your spell library was empty.

Dungeon Overview and Level Annotations

Branches:
Dungeon (3/15)

Altars:
Ashenzari

Annotations:
D:3 Ijyb


Message History

2 goblins come into view.
The goblin shouts! x2
Ijyb the Twisted Goblin comes into view.
She is wielding a +0 club and carrying a wand of paralysis (4).
Ijyb shouts!
Ijyb zaps a wand.
You suddenly lose the ability to move!
The goblin hits you with a +0 dagger. The goblin hits you but does no damage.
The goblin hits you with a +0 dagger. x2
You can move again.
You hit the goblin.
The goblin is heavily wounded.
The goblin hits you with a +0 dagger. x2
You miss the goblin. The goblin closely misses you.
The goblin hits you with a +0 dagger. The goblin completely misses you.
Ijyb hits you with a +0 club.
You sock the goblin!
You kill the goblin!
The goblin barely misses you. x2
You miss Ijyb. The goblin hits you with a +0 dagger. The goblin misses you.
The goblin closely misses you.
You hit Ijyb but do no damage. The goblin hits you with a +0 dagger.
The goblin closely misses you. Ijyb closely misses you.
The goblin closely misses you. The goblin hits you with a +0 dagger.
* * * LOW HITPOINT WARNING * * *
You closely miss Ijyb. The goblin hits you with a +0 dagger.
* * * LOW HITPOINT WARNING * * *
Ijyb hits you but does no damage. The goblin barely misses you.
The goblin closely misses you. The goblin hits you with a +0 dagger.
* * * LOW HITPOINT WARNING * * *
Ijyb zaps a wand.
You resist with some effort.
You closely miss Ijyb. The goblin misses you. The goblin closely misses you.
The goblin barely misses you. Ijyb hits you with a +0 club.
* * * LOW HITPOINT WARNING * * *
The goblin hits you with a +0 club.
* * * LOW HITPOINT WARNING * * *
You barely miss Ijyb.
The goblin hits you but does no damage. x2
Ijyb zaps a wand.
You suddenly lose the ability to move!
The goblin hits you with a +0 club.
* * * LOW HITPOINT WARNING * * *
The goblin barely misses you. The goblin hits you with a +0 dagger.
You die...

#8.....8#
#.......#
#8.....8#
#.......#
#8.....8#
#.......#
#8...gg8# ###..##
.....gg@# #.....#
......gg# #...>.+
#######.##
#.....# #..#
##..... ##.###
#.... #...##
##.##+##
##...#####<......
#..........#.###
#..#.#.#.#...#


You could see Ijyb and 5 goblins.

Vanquished Creatures
  A scorpion zombie (D:2)
  An adder (D:2)
  A dart slug (D:2)
  4 endoplasms (D:2)
  2 giant cockroaches (D:2)
  3 hobgoblins (D:2)
  A jackal (D:2)
  A quokka (D:2)
  A bat (D:2)
  4 goblins
  2 kobolds (D:2)
  4 rats (D:2)
25 creatures vanquished.

Notes
Turn   | Place    | Note
-------+----------+-------------------------------------------
     0 | D:1      | splack the Hill Orc Gladiator began the quest for the Orb.
     0 | D:1      | Reached XP level 1. HP: 18/18 MP: 1/1
    99 | D:2      | Reached XP level 2. HP: 18/25 MP: 2/2
   189 | D:2      | Reached skill level 4 in Maces & Flails
   189 | D:2      | Reached XP level 3. HP: 7/30 MP: 3/3
   543 | D:2      | Found a broken altar of Ashenzari.
  1211 | D:2      | Reached XP level 4. HP: 35/38 MP: 4/4
  1437 | D:3      | Noticed Ijyb
  1437 | D:3      | Paralysed by Ijyb for 5 turns
  1449 | D:3      | Paralysed by Ijyb for 3 turns
  1449 | D:3      | HP: 1/38 [goblin/+0 club (3)]
  1450 | D:3      | Slain by a goblin

Illustrated notes

Levels and vault maps discovered:
D:1:      psy_arrival_whirlpool, layout_rooms, basic_ecumenical_altar,
          minmay_misc_feat_alley
D:2:      layout_basic, basic_altar, nrook_mini_backslash,
          minmay_misc_feat_room, minmay_diced_spiral
D:3:      kennysheep_the_goblin_king, layout_basic, serial_glass,
          glass_columns_b, glass_columns_c, due_unseen_surprise, glass_columns_b

Skill      XL: |  1  2  3 |
---------------+----------+-----
Maces & Flails | 4 |  4.1
Dodging        | 3 |  3.0
Fighting       | 3 |  3.1
Throwing       | |  1.9
Armour         | |  0.5

Action                   |  1- 3 |  4- 6 || total
-------------------------+-------+-------++-------
Melee: Flail             |    82 |     8 ||    90
Throw: Throwing net      |     3 |     1 ||     4
       Dart              |     2 |       ||     2
       Javelin           |       |     1 ||     1
  Use: Potion            |     3 |       ||     3
       Scroll            |     4 |       ||     4
Armor: Leather armour    |    29 |     4 ||    33
Dodge: Dodged            |    70 |    15 ||    85

Table legend: (Time is in decaauts)
 A = Elapsed time spent in this place.
 B = Non-inter-level travel time spent in this place.
 C = Inter-level travel time spent in this place.
 D = Time resting spent in this place.
 E = Time spent auto-exploring this place.
 F = Levels seen in this place.
 G = Mean time per level.
                   A        B        C        D        E       F      G
               +--------+--------+--------+--------+--------+-----+--------+
         Total |   1473 |   1473 |      0 |      0 |    912 |   3 |  491.0 |
       Dungeon |   1473 |   1473 |      0 |      0 |    912 |   3 |  491.0 |
               +--------+--------+--------+--------+--------+-----+--------+

Top non-repeatable levels by time:
     D:2: 1380 daAuts
     D:1: 46 daAuts
     D:3: 45 daAuts
